Unix NetHack Version 5.0.0-0 post-release - last build Jul 14 2026 02:55:29 (1809b74e8187c3a3585e283601c3028b46cbbdcb,branch:main).

Game began 2026-07-18 14:42:34, ended 2026-07-18 14:58:31.

IanCurtis, chaotic male elven Wizard

                                                                       ----
                                                                      --...|
                                                                     --..*.|
                                                                    --.....|
         ---                                                        |......
         |...                                                     ---.)...
        --....                                               ---- |.).....
       ...<...                                             ---..--|.^-....
       .......                                             |......|-.....-
        .....                                              #.h@a.G--%-..--
         ...                                               ----..s.......|
                                                              |..........--
                                                              ----..........
                                                                 -......`...|
                                                                  ..|..--..-
                                                                     ..||..|
                                                                        ----

IanCurtis the Thaumaturge  St:11 Dx:13 Co:16 In:16 Wi:13 Ch:11  Chaotic
Dlvl:10 $:114 HP:0(41) Pw:7(88) AC:8  Xp:6 T:2387  Burdened

Latest messages:
 The gnome wields a bow!
 The gnome drinks an emerald potion!
 The gnome is suddenly moving faster.
 You hear crashing rock.
 You hit the gnome.
 The gnome swings his thonged club.
 The gnome hits!
 You kill the gnome!
 The gnome shoots an arrow!
 The arrow misses the cave spider.
 You are almost hit by an arrow.
 In what direction? j
 The spell hits the cave spider!
 You kill the cave spider!
 The spell hits the gnome!
 You kill the gnome!
 You feel sluggish.
 You feel your magical energy drain away!
 You see here a scroll labeled HACKEM MUCHE.
 You have a little trouble lifting Y - a scroll labeled HACKEM MUCHE.
 The giant spider bites!
 The giant spider bites!
 The giant spider bites!
 The giant spider bites!
 What do you want to write with? [- acenHJOQX or ?*] a
 You write in the dust with a blessed +1 quarterstaff (weapon in hands).
 What do you want to write in the dust here? Elbereth
 The giant spider turns to flee.
 You hear crashing rock.
 What do you want to zap? [cHO or ?*] c
 In what direction? n
 The sleep ray hits the giant spider.
 What do you want to drop? [$a-oq-wyA-HJLO-UW-Y or ?*] d
 You drop a pick-axe.
 What do you want to write with? [- acenHJOQX or ?*] -
 You write in the dust with your fingertip.
 What do you want to write in the dust here? Elbereth
 The fire ant turns to flee.
 You hear a G sharp squeak in the distance.
 Are you waiting to get hit?  Use 'm' prefix to force a no-op (to rest).
 You have a little trouble lifting d - a pick-axe.
 The fire ant bites!
 The fire ant bites again!
 You're on fire!
 The gnome lord wields a cursed thonged club!
 The gnome lord secures the tether on the thonged club.
 The thonged club welds itself to the gnome lord's hand!
 The fire ant bites!
 You die...
 Do you want your possessions identified? [ynq] (y) q

Inventory:
 Coins    ('$')
  $ - 114 gold pieces
 Weapons  (')')
  X - 10 rustproof +0 arrows
  a - a blessed +1 quarterstaff (weapon in hands)
 Armor    ('[')
  w - an uncursed +0 orcish helm (being worn)
  b - an uncursed +0 cloak of magic resistance (being worn)
 Comestibles  ('%')
  t - 3 uncursed food rations
  W - an uncursed partly eaten food ration
  L - 2 uncursed lembas wafers
 Scrolls  ('?')
  P - a cursed scroll of amnesia
  i - an uncursed scroll of blank paper
  Y - an uncursed scroll of destroy armor
  q - 3 uncursed scrolls of enchant armor
  A - a cursed scroll of enchant armor
  j - an uncursed scroll of enchant weapon
  D - a cursed scroll of enchant weapon
  S - an uncursed scroll of light
  B - 2 uncursed scrolls of remove curse
  r - an uncursed scroll of scare monster
  U - an uncursed scroll of teleportation
  F - a cursed scroll of teleportation
 Spellbooks  ('+')
  C - an uncursed spellbook of cure sickness
  G - an uncursed spellbook of detect food
  l - a blessed spellbook of force bolt
  T - an uncursed spellbook of healing
  v - an uncursed spellbook of jumping
  m - an uncursed spellbook of light
 Potions  ('!')
  f - an uncursed potion of enlightenment
  E - an uncursed potion of extra healing
  h - an uncursed potion of healing
  g - 2 uncursed potions of monster detection
 Rings    ('=')
  Q - an uncursed ring of free action
  e - an uncursed ring of polymorph
 Wands    ('/')
  O - a wand of digging (0:5)
  H - a wand of probing (0:7)
  c - a wand of sleep (0:4)
 Tools    ('(')
  o - an uncursed tooled horn
  y - an uncursed brass lantern (lit)
  k - an uncursed lock pick
  n - a magic marker (0:19)
  u - a cursed oil lamp
  d - a +0 pick-axe
  s - an uncursed stethoscope
  R - 2 uncursed tallow candles
 Gems/Stones  ('*')
  J - a cursed touchstone

IanCurtis the Wizard's attributes:

Background:
 You were a Thaumaturge, a level 6 male elven Wizard.
 You were chaotic, on a mission for Anhur
 who was opposed by Ptah (lawful) and Thoth (neutral).
 You were right-handed.
 You were in the Gnomish Mines, on level 10.
 You entered the dungeon 2387 turns ago.
 You had 530 experience points, 110 more were needed to attain level 7.

Basics:
 You had 0 out of 41 hit points.
 You had 7 out of 88 energy points (spell power).
 Your armor class was 8.
 Your wallet contained 114 zorkmids.
 Autopickup was off.

Final Characteristics:
 Your strength was 11 (limit:18).
 Your dexterity was 13 (limit:18).
 Your constitution was 16 (limit:16).
 Your intelligence was 16 (limit:20).
 Your wisdom was 13 (limit:20).
 Your charisma was 11 (limit:18).

Final Status:
 You weren't hungry.
 You were burdened; movement was slightly slowed.
 You were wielding a quarterstaff.
 You had basic skill with quarterstaff and could have enhanced that.

Final Attributes:
 You were piously aligned.
 You were magic-protected.
 You were sleep resistant.
 You had infravision.
 You were warded.
 You are dead.

Miscellaneous:
 You didn't encounter any bones levels.
 Total elapsed playing time was 15 minutes and 57 seconds.

Major events:
 Turn
    1: IanCurtis the chaotic male elven Wizard entered the dungeon
  790: attained the rank of Conjurer (level 3)
 1549: entered the Gnomish Mines
 1950: attained the rank of Thaumaturge (level 6)
 2013: reached Mine Town
 2387: killed by a fire ant

Spells:
 Name                 Level Category     Fail Retention
 force bolt             1   attack         0%   81%-90%
 light                  1   divination     0%  76%-100%
 jumping                1   escape         0%  76%-100%
 healing                1   healing        0%  76%-100%

Skills:
 Fighting Skills
   bare handed combat [Unskilled]
   riding             [Unskilled]
 Weapon Skills
   dagger             [Unskilled]
   knife              [Unskilled]
   axe                [Unskilled]
   short sword        [Unskilled]
   club               [Unskilled]
   mace               [Unskilled]
   quarterstaff       [Basic]
   polearms           [Unskilled]
   spear              [Unskilled]
   trident            [Unskilled]
   sling              [Unskilled]
   dart               [Unskilled]
   shuriken           [Unskilled]
 Spellcasting Skills
   attack spells      [Basic]
   healing spells     [Unskilled]
   divination spells  [Unskilled]
   enchantment spells [Basic]
   clerical spells    [Unskilled]
   escape spells      [Unskilled]
   matter spells      [Unskilled]

Voluntary challenges:
 Character rerolling was not enabled.
 You never genocided any monsters.
 You never polymorphed an object.
 You never changed form.
 You used no wishes.
Achievements:
 You attained the rank of Conjurer.
 You entered the Gnomish Mines.
 You attained the rank of Thaumaturge.
 You entered Minetown.

 The Dungeons of Doom: levels 1 to 4
    Level 1:
       A fountain.
    Level 2:
       A fountain.
    Level 3:
       Many fountains, a sink.
       Stairs down to The Gnomish Mines.
    Level 4:
       A fountain, a sink.
 The Gnomish Mines: levels 4 to 10
    Level 4:
    Level 5:
    Level 6:
    Level 7:
    Level 9:
    Level 10: <- You were here.
       Final resting place for
          you, killed by a fire ant.


Vanquished creatures:
  9 gnome leaders
  a floating eye
  8 dwarves
  a dwarf zombie
  a wererat
  a werejackal
  2 iguanas
  a hobbit
  a manes
  a giant rat
  a cave spider
  a brown mold
 33 gnomes
  4 garter snakes
  a gecko
  3 jackals
  2 kobolds
  2 goblins
  2 sewer rats
  3 grid bugs
  2 lichens
  3 newts
83 creatures vanquished.

No species were genocided or became extinct.

Game over:
                       ----------
                      /          \
                     /    REST    \
                    /      IN      \
                   /     PEACE      \
                  /                  \
                  |    IanCurtis     |
                  |      114 Au      |
                  | killed by a fire |
                  |       ant        |
                  |                  |
                  |                  |
                  |       2026       |
                 *|     *  *  *      | *
        _________)/\\_//(\/(/\)/\//\/|_)_______

Goodbye IanCurtis the Wizard...

You died in The Gnomish Mines on dungeon level 10 with 2683 points,
and 114 pieces of gold, after 2387 moves.
You were level 6 with a maximum of 41 hit points when you died.

